 Dungeon Crawl Stone Soup version 0.20-a0-9-g62d82d9 (webtiles) character file.

4468 dobroeutro the Cleaver (level 10, -8/88 HPs)
             Began as a Minotaur Fighter on Nov 1, 2016.
             Was an Elder of Okawaru.
             Mangled by an orc warrior
             ... wielding a +2 mace of crushing
              (16 damage)
             ... on level 10 of the Dungeon.
             The game lasted 00:12:48 (8570 turns).

dobroeutro the Cleaver (Minotaur Fighter)           Turns: 8570, Time: 00:12:49

Health: -8/88      AC:  8    Str: 23    XL:     10   Next: 15%
Magic:  0/9        EV: 11    Int:  5    God:    Okawaru [****..]
Gold:   509        SH: 11    Dex: 11    Spells: 0 memorised, 9 levels left

rFire  . . .     SeeInvis .     a - +1 war axe (elec)
rCold  + . .     Gourm    .     b - +0 scale mail
rNeg   . . .     Faith    .     c - +1 shield
rPois  +         Spirit   +     (helmet restricted)
rElec  .         Reflect  .     (no cloak)
rCorr  .         Harm     .     (no gloves)
MR     .....                    (no boots)
Stlth  ..........               q - amulet of guardian spirit
                                E - ring of poison resistance
                                e - ring of protection from cold

@: slowed, very slow
A: retaliatory headbutt, horns 2
a: Heroism, Renounce Religion


You were on level 10 of the Dungeon.
You worshipped Okawaru.
Okawaru was greatly pleased with you.
You were not hungry.

You visited 2 branches of the dungeon, and saw 11 of its levels.

You collected 509 gold pieces.

Inventory:

Hand Weapons
 a - a +1 war axe of electrocution (weapon)
Armour
 b - a +0 scale mail (worn)
 c - a +1 shield (worn)
Jewellery
 e - a ring of protection from cold (left hand)
 g - an uncursed amulet of magic regeneration
 n - an uncursed ring of ice
 q - an amulet of guardian spirit (around neck)
 z - an uncursed ring of stealth
 E - a ring of poison resistance (right hand)
Wands
 l - a wand of lightning (11/15)
 m - a wand of digging (9/24)
 A - a wand of slowing (13/48)
 F - a wand of digging (10/24)
 O - a wand of disintegration (18/24)
Scrolls
 j - 3 scrolls of recharging
 s - a scroll of enchant armour
 w - a scroll of blinking
 y - 3 scrolls of identify
 B - a scroll of amnesia
 H - a scroll of remove curse
 J - 2 scrolls of brand weapon
 L - a scroll of fear
Potions
 d - a potion of might
 h - 2 potions of flight
 i - a potion of heal wounds
 k - a potion of resistance
 o - 2 potions of haste
 p - a potion of degeneration
 t - 2 potions of brilliance
 x - a potion of agility
 G - a potion of curing {unknown}
 I - a potion of magic
Comestibles
 f - 7 bread rations
 r - 2 meat rations
 u - 2 slices of pizza
 v - 3 chunks of flesh
 M - 2 fruits
 N - a beef jerky


   Skills:
 + Level 8.2 Fighting
 + Level 11.6 Axes
 + Level 8.1 Armour
 + Level 6.3 Dodging
 - Level 6.1 Shields


You had 9 spell levels left.
You didn't know any spells.

Dungeon Overview and Level Annotations

Branches:
Dungeon (10/15)            Temple (1/1) D:4            Lair (0/6) D:10
    Orc: D:9-12

Altars:
Ashenzari
Cheibriados
Dithmenos
Elyvilon
Fedhas
Gozag
Hepliaklqana
Kikubaaqudgha
Makhleb
Nemelex Xobeh
Okawaru
Qazlal
Ru
Sif Muna
Trog
Uskayaw
Vehumet
Xom
Yredelemnul
Zin
The Shining One

Annotations:
D:9 Slowdrip's ghost, novice TrFi
D:10 Grum


Innate Abilities, Weirdness & Mutations

You reflexively headbutt those who attack you in melee.
You have a pair of horns on your head.


Message History

The orc warrior hits you with a mace of crushing!!
You barely miss the wolf. You hit something. You hit the orc warrior.
The wolf bites you but does no damage. You block the wolf's attack.
Something hits you!
* * * LOW HITPOINT WARNING * * *
The orc warrior barely misses you. The wolf closely misses you.
You furiously retaliate!
You headbutt the wolf!
Unknown command.
You slash something! Your headbutt misses something. You slash the wolf!
There is a sudden explosion of sparks!
You kill the wolf!
Okawaru accepts your kill.
You slash the orc warrior! Something hits you but does no damage.
You block the orc warrior's attack. Something hits you!
* * * LOW HITPOINT WARNING * * *
You barely miss something. You closely miss the orc warrior.
You block the orc warrior's attack. Something hits you.
* * * LOW HITPOINT WARNING * * *
The orc warrior hits you with a mace of crushing!
You die...

#... #...............
#.... #...............
#....######.###'##........
#...........#....#........
#....>..#....#........
#.......#....#........
##.......######.######.
#.............o.#
#............@..#
#...........$){.#
#...............#.
#................'...
#......#'###....##...
#......#.. #....# ....
#......#.. #....# !..
......'.. ###..# .. ... #.
..#


You could see an orc warrior.

Vanquished Creatures
  A gargoyle (D:10)
  A troll (D:10)
  A two-headed ogre (D:8)
  Sigmund (D:2)
  Eustachio (D:6)
  A wraith (D:10)
  Menkaure (D:6)
  3 wargs (D:10)
  A water moccasin (D:7)
  2 orc warriors
  2 ice beasts
  A black bear (D:10)
  2 ogres
  A sky beast (D:6)
  A phantom (D:4)
  A centaur (D:7)
  2 wolves (D:10)
  A crocodile (D:8)
  A big kobold (D:10)
  Blork the orc (D:4)
  5 bullfrogs
  A scorpion (D:5)
  4 howler monkeys
  2 crimson imps
  A bullfrog zombie (D:9)
  3 hounds
  3 jellies
  2 orc priests
  A gnoll shaman (D:7)
  4 orc wizards
  An iron imp (D:8)
  Ijyb (D:3)
  2 iguanas
  4 worker ants
  3 adders
  5 gnolls (D:7)
  A howler monkey skeleton (D:5)
  4 shadow imps
  An ooze (D:2)
  An adder skeleton (D:4)
  5 worms
  2 leopard geckos
  21 orcs
  2 ball pythons (D:2)
  7 giant cockroaches
  11 goblins
  8 hobgoblins
  14 jackals
  10 kobolds
  3 quokkas
  8 bats
  5 frilled lizards
  A quokka zombie (D:5)
  3 rats
175 creatures vanquished.

Vanquished Creatures (others)
  An orc wizard (D:4)
1 creature vanquished.

Grand Total: 176 creatures vanquished

Notes
Turn   | Place    | Note
-------+----------+-------------------------------------------
     0 | D:1      | dobroeutro the Minotaur Fighter began the quest for the Orb.
     0 | D:1      | Reached XP level 1. HP: 19/19 MP: 0/0
    94 | D:1      | Reached skill level 3 in Axes
   182 | D:1      | Reached XP level 2. HP: 15/26 MP: 1/1
   800 | D:2      | Reached skill level 4 in Axes
  1073 | D:2      | Noticed Sigmund
  1100 | D:3      | Reached XP level 3. HP: 31/31 MP: 2/2
  1127 | D:3      | Found a stormy altar of Qazlal.
  1301 | D:3      | Reached skill level 5 in Axes
  1325 | D:3      | Reached XP level 4. HP: 39/39 MP: 3/3
  1695 | D:3      | Noticed Ijyb
  1718 | D:3      | Killed Ijyb
  1718 | D:3      | Reached skill level 6 in Axes
  2058 | D:2      | Killed Sigmund
  2058 | D:2      | Reached skill level 7 in Axes
  2058 | D:2      | Reached XP level 5. HP: 42/45 MP: 1/4
  2058 | D:2      | Reached XP level 6. HP: 48/51 MP: 1/5
  2511 | D:2      | Found a blossoming altar of Fedhas.
  2515 | D:2      | Found a burning altar of Makhleb.
  2804 | D:4      | Reached skill level 8 in Axes
  2984 | D:4      | Reached skill level 9 in Axes
  3296 | D:4      | Reached XP level 7. HP: 45/57 MP: 4/6
  3317 | D:4      | Noticed Blork the orc
  3331 | D:4      | Killed Blork the orc
  3469 | D:4      | Found a staircase to the Ecumenical Temple.
  3505 | Temple   | Entered the Ecumenical Temple
  3579 | Temple   | Became a worshipper of Warmaster Okawaru
  3658 | D:4      | Reached skill level 1 in Dodging
  3713 | D:5      | Entered Level 5 of the Dungeon
  3870 | D:5      | Reached * piety under Okawaru
  3882 | D:5      | Reached XP level 8. HP: 32/67 MP: 5/7
  4453 | D:6      | Noticed Menkaure
  4460 | D:6      | Killed Menkaure
  4460 | D:6      | Reached skill level 5 in Fighting
  4460 | D:6      | Reached skill level 5 in Armour
  4460 | D:6      | Reached skill level 5 in Shields
  4696 | D:6      | Found a deep blue altar of Sif Muna.
  4731 | D:6      | Reached skill level 10 in Axes
  5180 | D:6      | Noticed Eustachio
  5205 | D:6      | Killed Eustachio
  5205 | D:6      | Reached ** piety under Okawaru
  5556 | D:7      | Found a sacrificial altar of Ru.
  5634 | D:7      | Reached XP level 9. HP: 62/75 MP: 8/8
  6092 | D:8      | Found a bloodstained altar of Trog.
  6226 | D:8      | Found a snail-covered altar of Cheibriados.
  6718 | D:8      | Found a hide-covered altar of Uskayaw.
  6721 | D:8      | Found a shadowy altar of Dithmenos.
  6724 | D:8      | Found an opulent altar of Gozag.
  6766 | D:9      | Reached *** piety under Okawaru
  6862 | D:9      | Noticed Slowdrip's ghost (novice TrFi)
  7076 | D:9      | Reached skill level 11 in Axes
  7076 | D:9      | Reached skill level 5 in Dodging
  7660 | D:10     | Entered Level 10 of the Dungeon
  7662 | D:10     | Noticed a troll
  7670 | D:10     | Killed a troll
  7780 | D:10     | Found a staircase to the Lair.
  7923 | D:10     | Noticed a gargoyle
  7945 | D:10     | Killed a gargoyle
  7973 | D:10     | Reached **** piety under Okawaru
  7973 | D:10     | Reached XP level 10. HP: 23/88 MP: 2/9
  8556 | D:10     | Noticed Grum
  8570 | D:10     | Mangled by an orc warrior

Vault maps used:
D:1:      mainiacjoe_arrival_reflecting_pool, minmay_misc_feat_encased,
          serial_park_tiny_pond
D:2:      minitemple, hangedman_decor_diamond_cutter, uniq_sigmund
D:3:      kennysheep_the_goblin_king, grunt_qazlal_clouds
D:4:      first_bread, uniq_blork_the_orc
D:5:      serial_bayou, serial_bayou_lagoon_a, serial_bayou_crossing,
          serial_bayou_shore_a, serial_bayou_lagoon_b
D:6:      basic_altar, uniq_menkaure, uniq_eustachio
D:7:      cheibrodos_helix_gallery, lemuel_doored_altar
D:8:      grunt_temple_overflow_diamond, slow_altar_2, basic_altar
D:10:     erik_lair_orcish_takeover, uniq_grum
Temple:   jpeg_temple_clearing

Skill      XL: |  1  2  3  4  5  6  7  8  9 10 |
---------------+-------------------------------+-----
Axes           | 3 4 5 7 9 10 11 | 11.6
Fighting       | 4 5 7 8 |  8.2
Armour         | 4 5 7 8 |  8.1
Dodging        | 2 4 6 |  6.3
Shields        | 4 6 |  6.1

Action                   |  1- 3 |  4- 6 |  7- 9 | 10-12 || total
-------------------------+-------+-------+-------+-------++-------
Melee: War axe           |   103 |   120 |   294 |    21 ||   538
       Headbutt          |    10 |    27 |    53 |     6 ||    96
Invok: Heroism           |       |       |     3 |       ||     3
  Use: Potion            |       |     3 |     5 |       ||     8
       Scroll            |       |     5 |     1 |    10 ||    16
  Eat: Chunk             |     1 |     7 |     6 |     2 ||    16
       Bread ration      |       |       |     2 |       ||     2
Armor: Scale mail        |    22 |    44 |    68 |     6 ||   140
       Skin              |       |     1 |       |       ||     1
Dodge: Dodged            |    32 |    33 |   103 |    10 ||   178
Block: Shield            |    45 |    29 |   140 |    14 ||   228
       Buckler           |       |    13 |       |       ||    13
